 Dungeon Crawl Stone Soup version 0.28-a0-1234-g826d19b2e0 (webtiles) character file.

Game seed: 11374903644679869594

123102 ChaosChampion the Brawler (level 16, 0/162 (169) HPs)
             Began as a Pale Draconian Transmuter on Dec 24, 2021.
             Was the Champion of Ru.
             Killed from afar by a guardian serpent (7 damage)
             ... with a bolt of poison
             ... on level 3 of the Snake Pit.
             The game lasted 02:03:51 (49209 turns).

ChaosChampion the Brawler (DrTm)                   Turns: 49209, Time: 02:03:51

HP:   0/162 (169)   AC: 13    Str: 15    XL:     16   Next: 36%
MP:   13/28         EV: 15    Int: 23    God:    Ru [******]
Gold: 1871          SH:  5    Dex: 16    Spells: 4/31 levels left

rFire   x . .      SeeInvis .     - Unarmed
rCold   + + +      Faith    .   (shield currently unavailable)
rNeg    . . .      Spirit   .   (armour unavailable)
rPois   +          Reflect  +   (helmet currently unavailable)
rElec   .          Harm     .   (cloak currently unavailable)
rCorr   +          Rampage  .   (gloves currently unavailable)
Will    +....                   (boots currently unavailable)
Stlth   ..........              X - amulet "Renu" {Reflect rCorr Dex+4 SH+5}
HPRegen 0.37/turn               f - ring of wizardry
MPRegen 0.21/turn               C - +6 ring of intelligence

@: lethally poisoned (0 -> -5), ice-form, wereblooded, unable to drink, spewing
sludge, slowed, lightly drained, very slow
A: freezing attack, amphibious, boosted hp, (breathe steam), AC +9, large,
unfitting armour, dopey 1, screaming 1, (cold-blooded), inability to drink while
threatened, no stealth, inability to use devices, hated by all, (steam
resistance), (claws 1), (talons 1)
a: End Transformation, Renounce Religion, Draw Out Power, Power Leap, Apocalypse


You were on level 3 of the Snake Pit.
You worshipped Ru.
Ru was exalted by your worship.
You were a creature of crystalline ice.
You visited 5 branches of the dungeon, and saw 26 of its levels.
You also visited: Bailey and Volcano.

You collected 3205 gold pieces.
You spent 1334 gold pieces at shops.

Inventory:

Hand Weapons
 F - the +6 war axe "Rigalocroe" {venom, rF+}
   (You found it on level 11 of the Dungeon)

   It poisons the flesh of those it strikes.
   rF:        It protects you from fire.
 I - the +9 shortbow "Zeqites" {speed, rElec rPois rF- Str+6}
   (You bought it in a shop on level 2 of the Dungeon)

   Attacks with this weapon are significantly faster.
   Str:       It affects your strength (+6).
   rF:        It makes you vulnerable to fire.
   rElec:     It insulates you from electricity.
   rPois:     It protects you from poison.
 P - the +6 shortbow of Precise Incision {venom, rElec rC+ Int-3}
   (You found it on level 2 of the Lair of Beasts)

   Any ammunition fired from it poisons the flesh of those it strikes.
   Int:       It affects your intelligence (-3).
   rC:        It protects you from cold.
   rElec:     It insulates you from electricity.
Armour
 d - a +2 pair of gloves (melded)
 w - the +2 hat of the Bear Spirit (melded) {Spirit, *Rage Will++}
   (You acquired it in a bailey)

   Going berserk makes the wearer tougher, and they're slowed less afterward.
   *Rage:     It berserks you when you make melee attacks (+20% chance).
   Will:      It greatly increases your willpower.
 B - a +2 cloak (melded)
 K - a +2 pair of boots (melded)
Magical Staves
 x - a staff of cold (melded)
 L - a staff of air
Jewellery
 c - a ring of see invisible
 f - a ring of wizardry (left front paw)
 n - an amulet of the acrobat
 s - a +6 ring of dexterity
 y - a ring of protection from fire
 C - a +6 ring of intelligence (right front paw)
 H - a ring of positive energy
 O - a ring of magical power
 X - the amulet "Renu" (around neck) {Reflect rCorr Dex+4 SH+5}
   (You bought it in a shop on level 2 of the Orcish Mines)

   [amulet of reflection]

   It reflects blocked missile attacks.
   Dex:       It affects your dexterity (+4).
   rCorr:     It protects you from acid and corrosion.
   SH:        It affects your SH (+5).
Wands
 r - a wand of mindburst (21)
 v - a wand of iceblast (14)
Scrolls
 b - 3 scrolls of teleportation
 q - a scroll of enchant armour
 J - 5 scrolls of fog
 Q - 2 scrolls of amnesia
 V - 3 scrolls of identify
 W - 2 scrolls of enchant weapon
Potions
 a - 6 potions of brilliance
 h - 4 potions of haste
 i - a potion of magic
 j - 2 potions of mutation
 k - 3 potions of invisibility
 l - 6 potions of resistance
 m - 5 potions of might
 o - 4 potions of flight
 p - 2 potions of berserk rage
 A - 7 potions of curing
 G - 6 potions of heal wounds
 M - 2 potions of ambrosia
 R - a potion of cancellation
Miscellaneous
 D - a phantom mirror
 N - a condenser vane


   Skills:
 + Level 12.8 Fighting
 - Level 10.0 Dodging
 * Level 16.2 Unarmed Combat
 - Level 8.0 Spellcasting
 - Level 5.0 Hexes
 + Level 13.6 Transmutations
 - Level 8.0 Ice Magic
 - Level 6.0 Air Magic
 - Level 8.0 Poison Magic


You had 4 spell levels left.
You knew the following spells:

 Your Spells              Type           Power      Damage    Failure   Level
a - Eringya's Noxious Bo  Tmut/Pois      28%        N/A       5%          6
b - Wereblood             Tmut           64%        N/A       1%          2
c - Spider Form           Tmut/Pois      56%        N/A       1%          3
d - Ice Form              Ice/Tmut       56%        N/A       1%          4
e - Yara's Violent Unrav  Hex/Tmut       25%        3d11      1%          5
f - Storm Form            Tmut/Air       26%        N/A       38%         7

Your spell library contained the following spells:

 Spells                   Type           Power      Damage    Failure   Level
 Beastly Appendage        Tmut           100%       N/A       1%          1
 Ensorcelled Hibernation  Hex/Ice        78%        N/A       1%          2
 Mephitic Cloud           Conj/Pois/Air  30%        N/A       1%          3
 Ozocubu's Armour         Ice            46%        N/A       1%          3
 Magic Dart               Conj           36%        1d4       2%          1
 Dazzling Flash           Conj/Hex       40%        N/A       3%          3
 Portal Projectile        Hex/Tloc       40%        N/A       3%          3
 Scorch                   Fire           18%        2d6       4%          2
 Searing Ray              Conj           18%        2d5       4%          2
 Gell's Gravitas          Tloc           9%         N/A       9%          3
 Lesser Beckoning         Tloc           9%         N/A       9%          3
 Stone Arrow              Conj/Erth      18%        3d8       9%          3
 Teleport Other           Tloc           9%         N/A       9%          3
 Fulminant Prism          Conj/Hex       10%        3d9       10%         4
 Leda's Liquefaction      Hex/Erth       10%        N/A       10%         4
 Flame Wave               Conj/Fire      9%         2d4       26%         4
 Iskenderun's Mystic Bla  Conj/Tloc      9%         2d4       26%         4
 Passage of Golubria      Tloc           9%         N/A       26%         4
 Alistair's Intoxication  Tmut/Pois      37%        N/A       1%          5
 Metabolic Englaciation   Hex/Ice        19%        N/A       5%          5
 Silence                  Hex/Air        17%        N/A       9%          5
 Agony                    Necr           9%         N/A       56%         5
 Borgnjor's Vile Clutch   Necr/Erth      4%         N/A       56%         5
 Iskenderun's Battlesphe  Conj           9%         2d6       56%         5
 Lee's Rapid Deconstruct  Erth           4%         3d6*      56%         5
 Ozocubu's Refrigeration  Ice            23%        4d9       61%         7
 Iron Shot                Conj/Erth      4%         9d2       98%         6
 Lehudib's Crystal Spear  Conj/Erth      4%         10d3      100%        8
 Maxwell's Capacitive Co  Air            18%        ∞         100%        8
 Tukima's Dance           Hex            Unusable   N/A       N/A         3
 Call Imp                 Summ           Unusable   N/A       N/A         2
 Call Canine Familiar     Summ           Unusable   N/A       N/A         3
 Summon Lightning Spire   Summ/Air       Unusable   N/A       N/A         4
 Animate Armour           Summ/Erth      Unusable   N/A       N/A         4
 Simulacrum               Ice/Necr       Unusable   N/A       N/A         6
 Summon Cactus Giant      Summ           Unusable   N/A       N/A         6
 Spellforged Servitor     Conj/Summ      Unusable   N/A       N/A         7

Dungeon Overview and Level Annotations

Branches:
Dungeon (14/15)            Temple (0/1) D:6            Lair (6/6) D:9
  Swamp (1/4) Lair:2        Snake (3/4) Lair:2        Slime (0/5) Lair:5
    Orc (2/2) D:10            Elf (0/3) Orc:2        Vaults (0/5) D:13
 Bailey (visited)         Volcano (visited)

Altars:
Ashenzari
Dithmenos
Elyvilon
Gozag
Hepliaklqana
Kikubaaqudgha
Nemelex Xobeh
Qazlal
Ru
Trog
Uskayaw
The Shining One
Beogh
Jiyva

Shops:
D:2 !*(   D:12 [   Orc:2 *[=*   Snake:1 :

Annotations:
Snake:1 3 runed translucent doors, exclusion: 3 doors, tape's ghost, adept FoEE


Innate Abilities, Weirdness & Mutations

You are a creature of crystalline ice.
You have a powerful freezing melee attack.
You are amphibious.
Your maximum health is increased.
Your armour is entirely melded.
You are incapable of wielding weapons or throwing items.
((You can breathe blasts of scalding, opaque steam.))
((Your pale cyan-grey scales are hard. (AC +9)))
You cannot fit into any form of body armour.
You are dopey. (Int -2)
You occasionally shout uncontrollably at your foes.
((You are cold-blooded and may be slowed by cold attacks.))
You sometimes lose the ability to drink potions when taking damage.
You cannot be stealthy.
You cannot study or use magical devices.
You are hated by all.
((You are immune to the effects of steam.))
((You have sharp fingernails.))
((You have sharp toenails.))


Message History

Casting: Eringya's Noxious Bog (dangerous; 5% risk of failure)
Confirm with . or Enter, or press ? or * to list all spells.
Casting: Eringya's Noxious Bog (dangerous; 5% risk of failure)
Press: ? - help, Dir - look around, f - activate
Okay, then.
You feel sick.
The guardian serpent struggles to escape constriction.
The naga begins to attack, but is stunned by your conviction!
The naga spits poison at you.
The splash of poison reflects off an invisible shield around you!
The splash of poison hits the naga but does no damage.
The naga constricts the guardian serpent.
The guardian serpent struggles to escape constriction.
A naga warrior comes into view. It is wielding a +0 lajatang.
The naga spits poison at you. The splash of poison misses you.
The naga loses its grip on the guardian serpent.
Things that are here:
a +2 battleaxe of freezing; a +0 robe; a naga corpse
Found a stone staircase leading down.
You feel sick. The naga misses you. The naga warrior spits poison at you.
The splash of poison hits you but does no damage.
You are more poisoned.
You resist.
You block the guardian serpent's attack.
Casting: Eringya's Noxious Bog (dangerous; 5% risk of failure)
Confirm with . or Enter, or press ? or * to list all spells.
Casting: Eringya's Noxious Bog (dangerous; 5% risk of failure)
Press: ? - help, Dir - look around, f - activate Floosh!
You spew toxic sludge!
You feel very sick.
The naga festers in the toxic bog.
The naga looks as sick as possible!
The naga hits you from afar with a +0 trident!!
* * * LOW HITPOINT WARNING * * *
The guardian serpent festers in the toxic bog.
The guardian serpent is poisoned.
The guardian serpent coils itself and waves its upper body at you.
The bolt of poison hits you! You resist.
You die...

########
##......##
##........##
#.≈≈≈≈≈≈≈..#
#.))≈≈≈≈≈..>
#.≈N≈≈$≈≈...
#))N≈≈≈≈≈..#
#.≈SY≈≈≈≈...
##≈≈≈≈≈≈≈...
#.≈≈≈≈≈≈≈..#
#.≈≈≈≈≈≈≈..#
#.≈≈≈≈≈≈≈..#
#..........#
#........N.#
#.........##


You could see a naga warrior (catching breath), a guardian serpent (very
poisoned) and 2 nagas.

Vanquished Creatures
  Rupert (Orc:2)
  Mlioglotl (Swamp:1)
  Kirke (D:12)
  Frances (D:12)
  A nagaraja (Snake:2)
  Donald (Snake:1)
  An eleionoma (Swamp:1)
  Azrael (D:13)
  A bunyip (Swamp:1)
  2 green deaths (Snake:1)
  Josephine (D:10)
  3 naga warriors
  6 hydras
  2 centaur warriors (D:14)
  2 boulder beetles
  An ogre mage (D:11)
  3 anacondas
  A death knight (D:12)
  2 tengu warriors (D:13)
  7 two-headed ogres
  12 death yaks
  3 alligators (Swamp:1)
  4 orc high priests (Orc:2)
  3 shock serpents
  A naga sharpshooter (Snake:1)
  Urug (D:11)
  A salamander mystic (Snake:1)
  2 skeletal warriors
  7 naga ritualists
  A deep elf zephyrmancer (Orc:1)
  2 bog bodies (Swamp:1)
  A deep elf archer (Orc:1)
  3 orc knights (Orc:2)
  A wizard (D:14)
  Pikel (D:6)
  A wolf spider (Lair:6)
  6 mana vipers
  2 manticores
  4 deep elf pyromancers
  12 ugly things
  3 cyclopes
  An orc sorcerer (Orc:2)
  12 salamanders
  Joseph (D:8)
  9 elephants
  2 guardian serpents
  10 naga magi
  23 black mambas
  A torpor snail (Lair:4)
  13 cane toads
  3 gargoyles
  An efreet (D:11)
  A yaktaur (D:12)
  2 rime drakes (Lair:6)
  2 kobold demonologists (D:12)
  7 komodo dragons
  7 trolls
  A polar bear (Lair:5)
  Prince Ribbit (D:8)
  4 tyrant leeches (Swamp:1)
  6 hornets
  9 blink frogs
  4 slime creatures
  6 dream sheep (Lair:6)
  A meliai zombie (D:7)
  A shadow (D:7)
  7 spriggans
  A redback (Lair:6)
  A vampire (D:12)
  11 wraiths
  A hog (D:12)
  11 wyverns
  3 fire elementals
  4 humans
  A basilisk (Lair:6)
  36 yaks
  2 steam dragons
  3 vampire mosquitoes
  3 swamp worms (Swamp:1)
  4 wargs (Orc:1)
  4 acid dragons
  22 nagas
  5 hell hounds
  24 water moccasins
  13 orc warriors
  A sky beast (D:6)
  2 black bears
  A hornet zombie (D:7)
  3 boggarts (D:9)
  5 ogres
  24 wolves
  13 centaurs
  A phantom (D:4)
  5 kobold brigands
  21 bullfrogs
  2 scorpions
  A wyvern skeleton (D:6)
  8 killer bees
  15 wights
  5 howler monkeys
  4 electric eels (Lair:2)
  4 centaur zombies
  A centaur skeleton (D:7)
  3 hounds
  12 orc priests
  A jelly (D:7)
  4 iguanas
  15 orc wizards
  3 hell rats (D:9)
  A howler monkey zombie (D:5)
  14 gnolls
  2 howler monkey skeletons
  5 adders
  A river rat (D:9)
  A white imp (D:8)
  2 worms
  64 orcs
  11 ball pythons
  4 endoplasms
  3 giant cockroaches
  9 goblins
  9 hobgoblins
  4 jackals (D:1)
  3 quokkas
  5 bats
  12 frilled lizards
  30 kobolds
  15 rats
743 creatures vanquished.

Vanquished Creatures (others)
  An orc warlord (Orc:1)
  A red draconian (Volcano)
  A hydra (Lair:5)
  An orc high priest (Orc:1)
  A deep elf pyromancer (Orc:1)
  An orc knight (Orc:2)
  5 orc sorcerers
  A guardian serpent (Snake:3)
  A naga mage (Snake:3)
  A komodo dragon (Lair:2)
  2 trolls (Orc:2)
  A hog (D:12)
  2 vampire mosquitoes (D:10)
  A warg (Orc:1)
  A naga (Snake:3)
  A water moccasin (Lair:5)
  13 orc warriors
  6 orc priests
  9 orc wizards
  A hell rat (D:9)
  4 gnolls (Orc:1)
  20 orcs
  45 fungi
  64 plants
184 creatures vanquished.

Grand Total: 927 creatures vanquished

Notes
Turn   | Place    | Note
-------+----------+-------------------------------------------
     0 | D:1      | ChaosChampion the Draconian Transmuter began the quest for
                  | the Orb.
     0 | D:1      | Reached XP level 1. HP: 16/16 MP: 3/3
   173 | D:1      | Reached XP level 2. HP: 18/23 MP: 5/5
   176 | D:1      | Learned a level 2 spell: Wereblood
  1331 | D:2      | Reached XP level 3. HP: 29/29 MP: 2/6
  1399 | D:2      | Found Hoyvikk's Distillery.
  1600 | D:2      | Found Atonnizo's Antique Weapon Shop.
  1664 | D:2      | Found Aqossato's General Store.
  1784 | D:2      | Reached skill level 4 in Unarmed Combat
  1966 | D:2      | Reached XP level 4. HP: 24/36 MP: 4/7
  2173 | D:1      | Learned a level 3 spell: Spider Form
  2702 | D:3      | Found an ancient bone altar of Kikubaaqudgha.
  3380 | D:3      | Noticed a black bear
  3394 | D:3      | Killed a black bear
  3395 | D:3      | Reached XP level 5. HP: 21/45 MP: 3/8
  3403 | D:3      | Reached skill level 5 in Unarmed Combat
  4042 | D:4      | Found an opulent altar of Gozag.
  4147 | D:4      | Noticed a phantom
  4169 | D:4      | Killed a phantom
  4170 | D:4      | Reached XP level 6. HP: 23/51 MP: 1/9
  4529 | D:4      | Found a white marble altar of Elyvilon.
  4679 | D:4      | Reached skill level 6 in Unarmed Combat
  4679 | D:4      | Your scales start taking on a pale cyan-grey colour.
  4679 | D:4      | Reached XP level 7. HP: 59/59 MP: 7/10
  4679 | D:4      | Gained mutation: You are immune to the effects of steam.
                  | [Pale Draconian growth]
  4808 | D:4      | Learned a level 4 spell: Ice Form
  4976 | D:4      | Found a broken altar of Ashenzari.
  5049 | D:5      | Entered Level 5 of the Dungeon
  5090 | D:5      | You fall into a shaft and drop 2 floors!
  5161 | D:7      | Found a shadowy altar of Dithmenos.
  5162 | D:7      | Found a hazy altar of Hepliaklqana.
  5175 | D:7      | Noticed a shadow
  5189 | D:7      | Found a sacrificial altar of Ru.
  5194 | D:7      | Became a worshipper of Ru the Awakened
  5349 | D:7      | Noticed a shadow
  5364 | D:7      | Killed a shadow
  5365 | D:7      | Reached skill level 7 in Unarmed Combat
  5365 | D:7      | Reached XP level 8. HP: 47/67 MP: 6/11
  5370 | D:7      | Found a sparkling altar of Nemelex Xobeh.
  5558 | D:7      | Found a stormy altar of Qazlal.
  5566 | D:7      | Reached skill level 5 in Fighting
  5566 | D:7      | Found a flagged portal.
  5604 | Bailey   | Entered a bailey
  5609 | Bailey   | Noticed an orc warlord
  5721 | Bailey   | Reached skill level 5 in Transmutations
  5748 | Bailey   | Found a runed translucent gate.
  5750 | Bailey   | Found a runed translucent gate.
  5752 | Bailey   | Found a runed translucent gate.
  5828 | Bailey   | Reached skill level 1 in Ice Magic
  5957 | Bailey   | Got the Compendium of Conjuration
  5965 | Bailey   | Acquired the +2 hat of the Bear Spirit {Spirit, *Rage
                  | Will++}
  5965 | Bailey   | Found the +2 hat of the Bear Spirit {Spirit, *Rage Will++}
  6479 | D:7      | Reached skill level 5 in Dodging
  6479 | D:7      | Reached skill level 8 in Unarmed Combat
  6479 | D:7      | Reached XP level 9. HP: 79/79 MP: 11/15
  6688 | D:7      | Found a glowing golden altar of the Shining One.
  7215 | D:8      | Noticed Joseph
  7239 | D:8      | Killed Joseph
  7240 | D:8      | Reached skill level 5 in Spellcasting
  7240 | D:8      | Reached skill level 5 in Poison Magic
  7240 | D:8      | Reached XP level 10. HP: 88/88 MP: 12/17
  7246 | D:8      | Noticed Prince Ribbit
  7255 | D:8      | Killed Prince Ribbit
  7256 | D:8      | Reached skill level 5 in Ice Magic
  7389 | D:8      | Gained mutation: You sometimes lose the ability to drink
                  | potions when taking damage. [Ru sacrifice]
  7389 | D:8      | Reached * piety under Ru
  7519 | D:8      | Learned a level 6 spell: Eringya's Noxious Bog
  8461 | D:9      | Noticed a two-headed ogre
  8474 | D:9      | Killed a two-headed ogre
  8774 | D:9      | Found a staircase to the Lair.
  8780 | D:9      | Noticed a death yak
  8781 | D:9      | Noticed a death yak
  8829 | D:9      | Noticed a death yak
  8838 | D:9      | Killed a death yak
  9173 | D:8      | Killed a death yak
  9401 | D:9      | Killed a death yak
  9402 | D:9      | Reached XP level 11. HP: 94/94 MP: 12/18
 10465 | D:10     | Entered Level 10 of the Dungeon
 10471 | D:10     | Gained mutation: You are hated by all. [Ru sacrifice]
 10471 | D:10     | Reached ** piety under Ru
 10471 | D:10     | Reached *** piety under Ru
 10476 | D:10     | Noticed Josephine
 11120 | D:10     | Noticed a two-headed ogre
 11137 | D:10     | Killed a two-headed ogre
 11188 | D:10     | Noticed a two-headed ogre
 11645 | D:10     | Killed a two-headed ogre
 11646 | D:10     | Reached skill level 10 in Transmutations
 11866 | D:10     | Learned a level 5 spell: Yara's Violent Unravelling
 12180 | D:10     | Found a staircase to the Orcish Mines.
 12220 | D:10     | Killed Josephine
 12492 | D:10     | Reached skill level 9 in Unarmed Combat
 12492 | D:10     | Reached skill level 1 in Hexes
 12517 | D:11     | Noticed Urug
 12567 | D:10     | Noticed a two-headed ogre
 12719 | D:10     | Killed a two-headed ogre
 13022 | D:11     | Identified the +6 chain mail of Ajuem {rF+ Will+}
 14044 | D:11     | Reached XP level 12. HP: 75/103 MP: 15/19
 14188 | D:11     | Noticed a two-headed ogre
 14198 | D:11     | Killed a two-headed ogre
 14782 | D:11     | Noticed an ogre mage
 14850 | D:11     | Killed an ogre mage
 15274 | D:11     | Gained mutation: You occasionally shout uncontrollably at
                  | your foes. [Ru sacrifice]
 15282 | D:11     | Got the Grimoire of Confrontation
 15541 | D:11     | Identified the +6 war axe "Rigalocroe" {venom, rF+}
 15632 | D:12     | Reached skill level 10 in Unarmed Combat
 15775 | D:12     | Noticed a two-headed ogre
 15826 | D:12     | Killed a two-headed ogre
 16192 | D:12     | Noticed Kirke
 16660 | D:12     | Noticed a boulder beetle
 16711 | D:12     | Noticed a six-headed hydra
 16728 | D:11     | Killed Urug
 17165 | Lair:1   | Entered Level 1 of the Lair of Beasts
 18229 | Lair:2   | Found a staircase to the Swamp.
 18738 | Lair:2   | Found a staircase to the Snake Pit.
 19720 | Lair:2   | Identified the +6 shortbow of Precise Incision {venom,
                  | rElec rC+ Int-3}
 19748 | Lair:3   | Noticed a death yak
 19748 | Lair:3   | Noticed a death yak
 19805 | Lair:2   | Killed a death yak
 20033 | Lair:3   | Found a dark tunnel.
 20044 | Volcano  | Entered a volcano
 20060 | Volcano  | Noticed a red draconian
 20115 | Volcano  | Killed a red draconian
 20309 | Volcano  | Reached skill level 11 in Unarmed Combat
 20324 | Volcano  | Gained mutation: You cannot be stealthy. [Ru sacrifice]
 20324 | Volcano  | Reached **** piety under Ru
 21191 | Lair:3   | Reached XP level 13. HP: 106/111 MP: 16/20
 23457 | Lair:4   | Reached skill level 10 in Fighting
 25688 | Lair:4   | Reached skill level 5 in Hexes
 25689 | Lair:4   | Reached skill level 12 in Unarmed Combat
 25953 | Lair:5   | Found a staircase to the Slime Pits.
 26725 | Lair:5   | Reached XP level 14. HP: 93/122 MP: 22/22
 27777 | Lair:6   | Entered Level 6 of the Lair of Beasts
 29650 | Lair:6   | Reached skill level 13 in Unarmed Combat
 30475 | D:6      | Found a staircase to the Ecumenical Temple.
 30810 | D:6      | Noticed Pikel
 30815 | D:6      | Killed Pikel
 31383 | D:5      | Found a hide-covered altar of Uskayaw.
 31514 | D:5      | Gained mutation: You cannot study or use magical devices.
                  | [Ru sacrifice]
 31514 | D:5      | Reached ***** piety under Ru
 31597 | D:5      | Found a bloodstained altar of Trog.
 31615 | D:5      | Identified the +8 great sword of the Witching Enemy {venom,
                  | +Blink Stlth+}
 31814 | D:2      | Bought a scroll of identify for 28 gold pieces
 31819 | D:2      | Gained mutation: You passively map a small area around you.
                  | [potion of mutation]
 31819 | D:2      | Gained mutation: You have sharp toenails. [potion of
                  | mutation]
 31819 | D:2      | Gained mutation: You have sharp fingernails. [potion of
                  | mutation]
 31863 | D:2      | Bought a potion of resistance for 100 gold pieces
 31863 | D:2      | Bought a potion of heal wounds for 50 gold pieces
 31863 | D:2      | Bought a potion of heal wounds for 50 gold pieces
 31863 | D:2      | Bought a potion of curing for 30 gold pieces
 31863 | D:2      | Bought a potion of resistance for 100 gold pieces
 31905 | D:2      | Bought a masterwork shortbow for 160 gold pieces
 31905 | D:2      | Identified the +9 shortbow "Zeqites" {speed, rElec rPois
                  | rF- Str+6} (You bought it in a shop on level 2 of the
                  | Dungeon)
 32642 | D:12     | Noticed Frances
 33229 | D:12     | Killed Kirke
 33581 | D:12     | Found Vajo's Armour Boutique.
 33612 | D:12     | Killed Frances
 34270 | D:13     | Noticed Azrael
 35374 | D:13     | Killed Azrael
 35781 | D:13     | Reached skill level 14 in Unarmed Combat
 36205 | D:13     | Reached XP level 15. HP: 132/132 MP: 21/26
 36382 | D:13     | Found a gate to the Vaults.
 36637 | D:14     | Learned a level 7 spell: Storm Form
 36807 | D:14     | Reached skill level 1 in Air Magic
 36813 | D:14     | Gained mutation: You are dopey. (Int -2) [Ru sacrifice]
 36813 | D:14     | Reached ****** piety under Ru
 37517 | D:14     | Lost mutation: You passively map a small area around you.
                  | [you]
 37519 | D:14     | HP: 5/132 [manticore (2)]
 38201 | Snake:1  | Entered Level 1 of the Snake Pit
 38337 | Snake:1  | Noticed Donald
 38351 | Snake:1  | Killed Donald
 39017 | Snake:1  | Found a runed translucent gate.
 39128 | Snake:1  | Found a runed translucent gate.
 40008 | Snake:1  | Found a runed translucent door.
 40076 | Snake:1  | Found Ziecinec's Book Boutique.
 40120 | Snake:1  | Found a runed translucent gate.
 40139 | Snake:1  | Noticed tape's ghost (adept FoEE)
 40484 | Snake:1  | Reached skill level 5 in Air Magic
 41370 | Orc:1    | Entered Level 1 of the Orcish Mines
 41427 | Orc:1    | Reached skill level 15 in Unarmed Combat
 41625 | Orc:1    | Identified the +1 chain mail of the Trombone {rPois rC++
                  | rCorr Str-4}
 41684 | Orc:1    | Noticed an orc warlord
 41710 | Orc:1    | Killed an orc warlord
 42094 | Orc:2    | Entered Level 2 of the Orcish Mines
 42094 | Orc:2    | Found a staircase to the Elven Halls.
 42344 | Orc:2    | Noticed Rupert
 42356 | Orc:2    | Killed Rupert
 43694 | Orc:2    | Reached skill level 10 in Dodging
 43723 | Orc:2    | Paralysed by an orc sorcerer for 3 turns
 44260 | Orc:2    | Found Idewk's General Store.
 44260 | Orc:2    | Found Delaguw's Assorted Antiques.
 44262 | Orc:2    | Found Duacs's Armour Boutique.
 44262 | Orc:2    | Found Digi's Jewellery Emporium.
 44271 | Orc:2    | Bought the amulet "Renu" {Reflect rCorr Dex+4 SH+5} for 816
                  | gold pieces
 44914 | Swamp:1  | Entered Level 1 of the Swamp
 45845 | Swamp:1  | Noticed Mlioglotl
 45900 | Swamp:1  | Killed Mlioglotl
 45901 | Swamp:1  | Reached XP level 16. HP: 30/139 MP: 23/28
 48076 | Snake:2  | Identified the +6 hunting sling "Oggou" {flame, Str+4}
 48089 | Snake:2  | Reached skill level 16 in Unarmed Combat
 49209 | Snake:3  | HP: 7/162 [naga (27)]
 49209 | Snake:3  | Killed from afar by a guardian serpent

Illustrated notes

Levels and vault maps discovered:
D:1:      eino_arrival_druids_welcome, layout_basic, minmay_lizard_pond
D:2:      layout_basic, serial_shops, shop, nicolae_shop_statue_plus,
          nicolae_diamond_shop, guppyfry_early_orc_mine
D:3:      layout_loops_corners, amcnicky_altar_gilded
D:4:      layout_loops_ring, elyvilon_altar_3, mainiacjoe_overflow_alcove_2,
          grunt_gozag_statues
D:5:      layout_rooms, dancing_weapons_uskayaw, tgw_trog
D:6:      layout_basic, temple_pool_b, uniq_pikel
D:7:      layout_cave_pools, riverfiend_overflow_shadow_ancestor,
          general_overflow_altar, mainiacjoe_overflow_six_doors_small,
          kennysheep_mini_moat, nicolae_qazlal_scattered_showers,
          enter_bailey_6, glass_columns_a
D:8:      layout_rooms, grunt_ogre_cave, uniq_prince_ribbit1, uniq_joseph
D:9:      layout_cave_pods, dpeg_lair_monsters, roderic_st_hans_cross
D:10:     kb_forest_paths, layout_irregular_city, ebering_dispersal_statue_hall,
          uniq_josephine
D:11:     layout_stronghold, minmay_diamond_spiral, uniq_urug
D:12:     layout_loops_ring, serial_shops, nicolae_shop_statue_plus,
          uniq_frances, uniq_kirke
D:13:     layout_loops_ring, david_vaults_5, portal_ice_cave_entry_pillars_2,
          uniq_azrael
D:14:     layout_irregular_city
Lair:1:   layout_chaotic_city, grunt_megastairs_4, serial_bayou_shore_b,
          serial_bayou_shore_b
Lair:2:   layout_cave_pods, minmay_swamp_entry_eels,
          guppyfry_snake_entry_garden, lemuel_old_faithful
Lair:3:   layout_cellular_growth, enter_volcano_1
Lair:4:   layout_cave_shapes
Lair:5:   layout_regular_city, slime_altar_1
Lair:6:   hangedman_lair_tendril_chambers, layout_cave_pods,
          gauntlet_entry_generic
Swamp:1:  layout_falls_marsh, nicolae_swamp_triple_paths,
          infiniplex_staircase_pool, uniq_mlioglotl
Snake:1:  cheibrodos_toxic_ritual, layout_gridlike, gammafunk_ghost_necromancy,
          serial_shops, nicolae_shop_behind_doors, st_stairs_10,
          lemuel_fruit_tree, grunt_megastairs_1, uniq_donald
Snake:2:  nicolae_snake_nest, layout_onion
Snake:3:  layout_rooms, serial_bayou_shore_a
Orc:1:    cheibrodos_orc_guarddog, layout_caves, elf_legates
Orc:2:    grunt_orc_tribal_feast, layout_caves, bh_open_orc_temple, uniq_rupert

Skill      XL: |  1  2  3  4  5  6  7  8  9 10 11 12 13 14 15 16 |
---------------+-------------------------------------------------+-----
Fighting       | 2 3 4 7 8 9 10 11 12 | 12.8
Unarmed Combat | 4 5 6 7 8 9 11 12 14 15 16 | 16.2
Transmutations | 3 4 6 7 9 10 11 12 13 | 13.6
Dodging        | 2 5 7 9 10 | 10.0
Ice Magic      | 4 6 7 8 |  8.0
Spellcasting   | 4 5 7 8 |  8.0
Poison Magic   | 4 5 6 7 8 |  8.0
Hexes          | 2 4 5 |  5.0
Air Magic      | 6 |  6.0

Action                   |  1- 3 |  4- 6 |  7- 9 | 10-12 | 13-15 | 16-18 || total
-------------------------+-------+-------+-------+-------+-------+-------++-------
Melee: Unarmed           |   128 |   117 |   115 |   581 |  1337 |   115 ||  2393
       Kick              |     9 |     7 |       |       |       |       ||    16
       Tailslap          |     8 |     5 |    11 |    10 |    14 |       ||    48
       Headbutt          |     3 |     6 |       |       |       |       ||     9
       Punch             |     2 |       |     2 |     3 |     8 |       ||    15
       Staff             |       |       |    17 |    54 |    86 |       ||   157
Throw: Throwing net      |       |       |     1 |       |       |       ||     1
 Cast: Beastly Appendage |    11 |    11 |       |       |       |       ||    22
       Wereblood         |     3 |     6 |     9 |    44 |    95 |    12 ||   169
       Spider Form       |       |     8 |    12 |    48 |    30 |       ||    98
       Ice Form          |       |       |     4 |    30 |    98 |    16 ||   148
       Eringya's Noxious |       |       |       |       |    26 |     3 ||    29
       Yara's Violent Un |       |       |       |       |     1 |       ||     1
       Storm Form        |       |       |       |       |     1 |       ||     1
Invok: Sacrifice Drink   |       |       |       |     1 |       |       ||     1
       Sacrifice Love    |       |       |       |     1 |       |       ||     1
       Sacrifice Purity  |       |       |       |     1 |     1 |       ||     2
       Sacrifice Stealth |       |       |       |     1 |       |       ||     1
       Reject Sacrifices |       |       |       |       |     1 |       ||     1
       Sacrifice Artific |       |       |       |       |     1 |       ||     1
       Apocalypse        |       |       |       |       |       |     1 ||     1
 Abil: Breathe Steam     |       |       |    25 |    24 |    12 |     2 ||    63
Evoke: Wand              |       |       |     4 |     8 |       |       ||    12
  Use: Scroll            |       |       |    11 |    10 |    20 |     2 ||    43
       Potion            |       |       |     3 |     1 |     4 |       ||     8
 Stab: Sleeping          |     1 |     1 |     1 |       |       |       ||     3
       Invisible         |       |       |     2 |     7 |    11 |     3 ||    23
       Distracted        |       |       |       |     1 |    12 |     1 ||    14
       Paralysed         |       |       |       |       |    10 |     3 ||    13
Armor: Skin              |    38 |    28 |    24 |   106 |   307 |    24 ||   527
Dodge: Dodged            |   101 |    60 |   117 |   564 |  1048 |    63 ||  1953
Block: Other             |       |       |       |       |    14 |    24 ||    38
       Reflection        |       |       |       |       |     1 |     3 ||     4

Table legend: (Time is in decaauts)
 A = Elapsed time spent in this place.
 B = Non-inter-level travel time spent in this place.
 C = Inter-level travel time spent in this place.
 D = Time resting spent in this place.
 E = Time spent auto-exploring this place.
 F = Levels seen in this place.
 G = Mean time per level.
                   A        B        C        D        E       F      G
               +--------+--------+--------+--------+--------+-----+--------+
         Total |  49010 |  47048 |   1962 |  14314 |  22555 |  28 | 1750.4 |
       Dungeon |  24734 |  23508 |   1226 |   7011 |  11840 |  14 | 1766.7 |
          Lair |  12490 |  11898 |    592 |   3612 |   5475 |   6 | 2081.7 |
         Swamp |   2016 |   1956 |     60 |    515 |   1215 |   1 | 2016.0 |
     Snake Pit |   5279 |   5217 |     62 |   1994 |   2366 |   3 | 1759.7 |
  Orcish Mines |   3241 |   3220 |     21 |    777 |   1603 |   2 | 1620.5 |
        Bailey |    619 |    619 |      0 |     23 |      0 |   1 |  619.0 |
       Volcano |    627 |    627 |      0 |    382 |     55 |   1 |  627.0 |
               +--------+--------+--------+--------+--------+-----+--------+

Top non-repeatable levels by time:
    D:11: 5089 daAuts
 Snake:1: 3883 daAuts
  Lair:3: 3579 daAuts
     D:9: 2706 daAuts
  Lair:2: 2340 daAuts
  Lair:5: 2331 daAuts
    D:10: 2311 daAuts
   Orc:2: 2151 daAuts
 Swamp:1: 2016 daAuts
    D:12: 2006 daAuts
     D:8: 1795 daAuts
  Lair:4: 1568 daAuts
     D:1: 1505 daAuts
  Lair:6: 1464 daAuts
     D:4: 1399 daAuts
